 Dungeon Crawl Stone Soup version 0.26-a0-690-gcb57259078 (webtiles) character file.

Game seed: 4331072813702277485

219 Conn the Sneak (level 5, 0/32 HPs)
             Began as an Octopode Hedge Wizard on Oct 24, 2020.
             Slain by an ice beast (13 damage)
             ... on level 3 of the Dungeon.
             The game lasted 00:11:47 (4342 turns).

Conn the Sneak (Octopode Hedge Wizard)              Turns: 4342, Time: 00:11:47

Health: 0/32       AC:  1    Str: 10    XL:     5   Next: 96%
Magic:  11/20      EV: 13    Int: 17    God:
Gold:   153        SH:  0    Dex: 11    Spells: 4/12 levels left

rFire    . . .     SeeInvis .   d - +0 short sword
rCold    . . .     Faith    .   (no shield)
rNeg     . . .     Spirit   .   b - +0 hat
rPois    .         Reflect  .   (no amulet)
rElec    .         Harm     .   c - ring of stealth
rCorr    .         Rampage  .   s - ring of magical power
MR       .....                  (no ring)
Stlth    +++++.....             (no ring)
HPRegen  0.10/turn              (no ring)
MPRegen  0.17/turn              (no ring)
                                (no ring)
                                (no ring)

@: very slightly contaminated
A: almost no armour, stealthy swim, amphibious, 8 rings, constrict 8, camouflage
1, gelatinous body 1
a: no special abilities


You were on level 3 of the Dungeon.
You visited 1 branch of the dungeon, and saw 3 of its levels.

You collected 153 gold pieces.

Inventory:

Hand Weapons
 a - a +0 dagger
 d - a +0 short sword (weapon)
 p - a -2 spear
 v - a +0 long sword of holy wrath
Missiles
 r - 13 poisoned darts (quivered)
Armour
 b - a +0 hat (worn)
Jewellery
 c - a ring of stealth (left tentacle)
 s - a ring of magical power (right tentacle)
Scrolls
 f - 5 scrolls of teleportation {unknown}
 g - a scroll of fog {unknown}
 i - a scroll of random uselessness {unknown}
 j - 4 scrolls of identify {unknown}
 l - a scroll of enchant weapon {unknown}
 q - a scroll of enchant armour {unknown}
 u - a scroll of magic mapping {unknown}
Potions
 h - a potion of stabbing
 n - a potion of brilliance {unknown}
 o - a potion of curing {unknown}
 t - a potion of haste


   Skills:
 + Level 0.6 Fighting
 + Level 1.8 Short Blades
 + Level 2.6 Dodging
 + Level 5.1 Stealth
 + Level 4.0 Spellcasting
 + Level 1.8 Conjurations
 + Level 1.3 Summonings
 + Level 1.0 Translocations


You had 4 spell levels left.
You knew the following spells:

 Your Spells              Type           Power        Failure   Level
a - Magic Dart            Conj           #...         8%          1
b - Blink                 Tloc           N/A          16%         2
c - Call Imp              Summ           #.......     14%         2
d - Conjure Flame         Conj/Fire      #.......     32%         3

Your spell library contained the following spells:

 Spells                   Type           Power        Failure   Level
 Slow                     Hex            #.......     24%         2
 Mephitic Cloud           Conj/Pois/Air  #.......     36%         3


Dungeon Overview and Level Annotations

Branches:
Dungeon (3/15)

Altars:
Gozag
Uskayaw
Wu Jian

Annotations:
D:3 2 transporters, dracos369's ghost, amateur DsWn


Innate Abilities, Weirdness & Mutations

You cannot wear most types of armour.
You are very stealthy in the water. (Stealth+)
You are amphibious.
You can wear up to eight rings at the same time.
You can use your tentacles to constrict eight enemies at once.
Your skin changes colour to match your surroundings (Stealth+).
Your rubbery body absorbs attacks. (AC +1, EV +1)


Message History

The magic dart hits the ice beast but does no damage.
The ice beast is severely wounded.
Casting: Magic Dart (safe; 8% risk of failure)
Confirm with . or Enter, or press ? or * to list all spells.
Aiming: Magic Dart (safe; 8% risk of failure)
Press: ? - help, Shift-Dir - straight line, f/p - ice beast
Aim: an ice beast (severely wounded)
The magic dart hits the ice beast.
The ice beast is almost dead.
There is a stone staircase leading down here.
Casting: Magic Dart (safe; 8% risk of failure)
Confirm with . or Enter, or press ? or * to list all spells.
You miscast Call Imp.
You are very lightly contaminated with residual magic.
Nothing appears to happen.
The ice beast misses you.
Casting: Call Imp (safe; 14% risk of failure)
Confirm with . or Enter, or press ? or * to list all spells.
A beastly little devil appears in a puff of flame.
The ice beast hits you. The ice beast freezes you!
You die...

.85.....#### #.#
...........# #.#
###..5.###.# #.# #
###.## #.# ##.## #
#.# #r# ##...## #
#.# #.# #.....# #
#.# #.# #5...## ##
#.####.### #.#.##
.####.##.....#
#@###
...##.##.###.###Y#
.#....##.# #..##.#
#####.##.###..##>#
# #)##.........#
##.........####
####...####.###
..##(..# #.#
#.##...# #.#


You could see an ice beast and a friendly crimson imp (summoned).

Vanquished Creatures
  Natasha (D:3)
  6 adders
  2 oozes (D:3)
  A worm (D:3)
  4 dart slugs
  5 leopard geckos
  4 giant cockroaches
  10 goblins
  8 hobgoblins
  4 jackals (D:2)
  2 quokkas (D:3)
  2 ball pythons
  9 bats
  3 frilled lizards
  10 kobolds
  7 rats
78 creatures vanquished.

Vanquished Creatures (collateral kills)
  Natasha (D:3)
  Robin (D:2)
  An adder (D:2)
  A dart slug (D:2)
  6 goblins (D:2)
  2 hobgoblins (D:2)
  4 jackals (D:2)
  A rat (D:2)
17 creatures vanquished.

Vanquished Creatures (others)
  5 plants (D:1)
5 creatures vanquished.

Grand Total: 100 creatures vanquished

Notes
Turn   | Place    | Note
-------+----------+-------------------------------------------
     0 | D:1      | Conn the Octopode Hedge Wizard began the quest for the Orb.
     0 | D:1      | Reached XP level 1. HP: 11/11 MP: 4/4
    20 | D:1      | Reached skill level 3 in Stealth
    94 | D:1      | Reached XP level 2. HP: 4/17 MP: 1/6
   662 | D:1      | Reached XP level 3. HP: 21/21 MP: 0/8
  1437 | D:1      | Learned a level 2 spell: Blink
  1440 | D:1      | Learned a level 2 spell: Call Imp
  1444 | D:1      | Learned a level 3 spell: Conjure Flame
  1548 | D:2      | Reached skill level 4 in Stealth
  1773 | D:2      | Reached XP level 4. HP: 12/27 MP: 3/9
  2451 | D:2      | Noticed Robin
  2491 | D:2      | Reached skill level 1 in Short Blades
  2581 | D:2      | Killed Robin
  2851 | D:2      | Found an ornate altar of the Wu Jian Council.
  2917 | D:2      | Found a hide-covered altar of Uskayaw.
  3025 | D:2      | Reached XP level 5. HP: 31/31 MP: 10/10
  3192 | D:3      | Found an opulent altar of Gozag.
  3336 | D:3      | Found a faded altar of an unknown god.
  3760 | D:3      | Noticed an ogre
  4104 | D:3      | Noticed Natasha
  4108 | D:3      | Noticed an ice beast
  4109 | D:3      | Found a transporter.
  4113 | D:3      | Killed Natasha
  4113 | D:3      | Reached skill level 5 in Stealth
  4120 | D:3      | Noticed dracos369's ghost (amateur DsWn)
  4121 | D:3      | Found a transporter.
  4121 | D:3      | Noticed an ogre
  4267 | D:3      | Noticed Natasha
  4286 | D:3      | Killed Natasha
  4342 | D:3      | Slain by an ice beast

Illustrated notes

Levels and vault maps discovered:
D:1:      noname_arrival_rooms_in_the_neighbourhood, layout_loops_corners,
          chequers_big_river, minmay_tetromino_l4
D:2:      layout_loops_ring, lemuel_doored_altar, lemuel_coloured_pillars_altar,
          uniq_robin
D:3:      layout_loops_ring, lemuel_round_altar,
          chequers_ecumenical_altar_simple_redux, gammafunk_ghost_smash,
          kennysheep_generic_room_10, uniq_natasha

Skill      XL: |  1  2  3  4  5 |
---------------+----------------+-----
Stealth        | 3 4 5 |  5.1
Short Blades   | 1 |  1.8
Spellcasting   | 4 |  4.0
Fighting       | |  0.6
Dodging        | |  2.6
Conjurations   | |  1.8
Summonings     | |  1.3
Translocations | |  1.0

Action                   |  1- 3 |  4- 6 || total
-------------------------+-------+-------++-------
Melee: Dagger            |    16 |       ||    16
       Constrict         |    17 |    19 ||    36
       Tentacles         |     3 |    11 ||    14
       Short sword       |    42 |    73 ||   115
 Cast: Magic Dart        |    25 |    70 ||    95
       Call Imp          |     3 |    18 ||    21
       Conjure Flame     |       |     1 ||     1
  Use: Potion            |     2 |     5 ||     7
       Scroll            |     1 |       ||     1
 Stab: Sleeping          |     8 |     8 ||    16
Armor: Skin              |    10 |     6 ||    16
Dodge: Dodged            |    54 |    80 ||   134

Table legend: (Time is in decaauts)
 A = Elapsed time spent in this place.
 B = Non-inter-level travel time spent in this place.
 C = Inter-level travel time spent in this place.
 D = Time resting spent in this place.
 E = Time spent auto-exploring this place.
 F = Levels seen in this place.
 G = Mean time per level.
                   A        B        C        D        E       F      G
               +--------+--------+--------+--------+--------+-----+--------+
         Total |   4330 |   4251 |     79 |    853 |   2068 |   3 | 1443.3 |
       Dungeon |   4330 |   4251 |     79 |    853 |   2068 |   3 | 1443.3 |
               +--------+--------+--------+--------+--------+-----+--------+

Top non-repeatable levels by time:
     D:2: 1683 daAuts
     D:1: 1509 daAuts
     D:3: 1137 daAuts
